 Dungeon Crawl Stone Soup version 0.29.0-10-g45618ea6d2 (webtiles) character file.

Game seed: 609209593774861301

536 sanka the Grappler (level 7, 49/57 HPs)
             Began as a Red Draconian Monk on Sept 1, 2022.
             Quit the game on level 5 of the Dungeon.
             The game lasted 00:05:16 (4344 turns).

sanka the Grappler (Red Draconian Monk)             Turns: 4344, Time: 00:05:17

Health: 49/57      AC:  7    Str: 14    XL:     7   Next: 4%
Magic:  7/7        EV: 12    Int: 12    God:
Gold:   196        SH:  0    Dex: 13    Spells: 6/6 levels left

rFire   + . .      SeeInvis .     - Unarmed
rCold   + . .      Faith    .   (no shield)
rNeg    . . .      Spirit   .   (body armour unavailable)
rPois   .          Reflect  .   (helmet restricted)
rElec   .          Harm     .   (no cloak)
rCorr   .          Rampage  .   c - +0 pair of gloves
Will    .....                   (no boots)
Stlth   ++........              (no amulet)
HPRegen 0.19/turn               p - ring of protection from cold
MPRegen 0.10/turn               m - ring of flight

@: flying
A: breathe fire, AC +6, unfitting armour, fire resistance 1, cold-blooded
a: Breathe Fire


You were on level 5 of the Dungeon.
You visited 1 branch of the dungeon, and saw 5 of its levels.

You collected 196 gold pieces.


Innate Abilities, Weirdness & Mutations

You can breathe blasts of fire.
Your fiery red scales are hard. (AC +6)
You cannot fit into any form of body armour.
Your flesh is heat resistant. (rF+)
You are cold-blooded and may be slowed by cold attacks.


   Skills:
 - Level 3.2 Fighting
 - Level 2.6 Dodging
 - Level 1.7 Stealth
 + Level 8.1 Unarmed Combat


You had 6 spell levels left.
You didn't know any spells.
Your spell library contained the following spells:

 Spells                   Type           Power      Damage    Failure   Level
 Freeze                   Ice            0%         1d3       32%         1
 Frozen Ramparts          Ice            0%         1d1       69%         3
 Hailstorm                Conj/Ice       0%         3d3       97%         4
 Freezing Cloud           Conj/Ice/Air   0%         6-21      100%        5
 Simulacrum               Ice/Necr       0%         N/A       100%        6
 Polar Vortex             Ice            0%         N/A       100%        9

Inventory:

Hand Weapons
 u - a +2 hand axe of distortion
Armour
 c - a +0 pair of gloves (worn)
Jewellery
 m - a ring of flight (right hand)
 p - a ring of protection from cold (left hand)
Wands
 h - a wand of roots (9)
 r - a wand of charming (3)
Scrolls
 b - 2 scrolls of blinking {unknown}
 e - a scroll of fear {unknown}
 j - 2 scrolls of identify {unknown}
 k - a scroll of enchant armour {unknown}
 l - a scroll of magic mapping {unknown}
 n - a scroll of teleportation {unknown}
 q - a scroll of noise {unknown}
 s - a scroll of summoning {unknown}
 t - a scroll of vulnerability {unknown}
 v - a scroll of poison {unknown}
Potions
 a - a potion of ambrosia
 d - a potion of heal wounds {unknown}
 f - 2 potions of lignification {unknown}
 g - a potion of haste {unknown}
 i - a potion of curing {unknown}
 o - a potion of might {unknown}

Dungeon Overview and Level Annotations

Branches:
Dungeon (5/15)
 Temple: D:4-7

Altars:
The Shining One

Shops:
D:2 ( D:4

[ ▒▒▒▒▒▒▒▒▒▒▒▒
▒▒...........
▒.d...†......
▒▒▒▒†.▒▒▒▒▒▒▒▒▒.
▒...........▒
▒▒▒▒.▒▒..▒▒▒▒▒h▒
▒....▒▒..▒
▒.▒▒▒▒▒..▒ ▒.▒▒
▒..▒
▒▒▒▒▒▒▒▒▒..▒
▒...
...........▒
▒.▒▒▒


There were no monsters in sight!


Message History

The hound is moderately wounded.
The hound closely misses you. The hound barely misses you.
You closely miss the hound.
The hound is moderately wounded.
The hound bites you but does no damage.
You punch the hound!
Your tail-slap misses the hound.
The hound is almost dead.
The hound bites you.
You closely miss the hound.
The hound is almost dead.
The hound bites you.
You closely miss the hound.
The hound is almost dead.
The hound bites you. The hound barely misses you.
You closely miss the hound.
The hound is almost dead.
The hound barely misses you.
You hit the hound.
You kill the hound!
You have reached level 7!
Your scales start taking on a fiery red colour.
You learn Fire Magic much quicker.
You learn Ice Magic much slower.
You can breathe blasts of fire.
You feel resistant to heat.
Unknown command.
Are you sure you want to abandon this character and quit the game? (Confirm with "yes".)

Action                   |  1- 3 |  4- 6 |  7- 9 || total
-------------------------+-------+-------+-------++-------
Melee: Unarmed           |   136 |   176 |       ||   312
       Tailslap          |    13 |    23 |       ||    36
       Punch             |       |     4 |       ||     4
Evoke: Wand              |       |     7 |       ||     7
 Stab: Sleeping          |     2 |     5 |       ||     7
Armor: Skin              |    50 |    50 |       ||   100
Dodge: Dodged            |    85 |    91 |       ||   176

Levels and vault maps discovered:
D:1:      dpeg_arrival_fog, layout_loops_ring, serial_park_tiny_pond,
          kennysheep_small_spiral, minmay_misc_feat_tower
D:2:      layout_basic, serial_shops, nicolae_shop_waterfront,
          ebering_ecumenical_altar_petrified, uniq_robin
D:3:      layout_rooms, mainiacjoe_overflow_alcove_4, nrook_mini_vaults,
          uniq_grinder
D:4:      layout_loops_ring, serial_shops, nicolae_shop_hallway_stairs,
          chequers_jeans
D:5:      layout_loops_ring, minmay_temple_entry_junction_2, serial_shops,
          nicolae_shop_stone, uniq_menkaure

Notes
Turn   | Place    | Note
-------+----------+-------------------------------------------
     0 | D:1      | sanka the Draconian Monk began the quest for the Orb.
     0 | D:1      | Reached XP level 1. HP: 19/19 MP: 1/1
   117 | D:1      | Reached XP level 2. HP: 26/26 MP: 2/2
   441 | D:1      | Reached skill level 4 in Unarmed Combat
   441 | D:1      | Reached XP level 3. HP: 19/31 MP: 3/3
  1204 | D:2      | Found a faded altar of an unknown god.
  1609 | D:2      | Reached XP level 4. HP: 38/38 MP: 4/4
  1616 | D:2      | Reached skill level 5 in Unarmed Combat
  1638 | D:2      | Noticed Robin
  1648 | D:2      | Killed Robin
  1842 | D:2      | Found Locaawn's Weapon Shop.
  2326 | D:3      | Reached XP level 5. HP: 45/45 MP: 5/5
  2699 | D:3      | Noticed Grinder
  2718 | D:3      | Paralysed by Grinder for 5 turns
  2728 | D:3      | Killed Grinder
  2729 | D:3      | Reached skill level 7 in Unarmed Combat
  2729 | D:3      | Reached XP level 6. HP: 23/51 MP: 6/6
  3045 | D:3      | Found a glowing golden altar of the Shining One.
  3937 | D:4      | Found Zyis's Armour Boutique.
  4234 | D:5      | Entered Level 5 of the Dungeon
  4331 | D:5      | Reached skill level 8 in Unarmed Combat
  4344 | D:5      | Your scales start taking on a fiery red colour.
  4344 | D:5      | Reached XP level 7. HP: 49/57 MP: 7/7
  4344 | D:5      | Gained mutation: Your flesh is heat resistant. (rF+) [Red
                  | Draconian growth]
  4344 | D:5      | Quit the game

Vanquished Creatures
  Grinder (D:3)
  A scorpion (D:4)
  A hound (D:5)
  An orc wizard (D:4)
  Robin (D:2)
  4 gnolls
  8 adders
  A worm (D:2)
  A dart slug (D:1)
  9 orcs (D:4)
  5 endoplasms
  4 giant cockroaches
  11 hobgoblins
  8 jackals
  2 quokkas (D:1)
  7 ball pythons
  3 bats (D:2)
  2 frilled lizards
  17 goblins
  6 kobolds
  4 rats
97 creatures vanquished.

Vanquished Creatures (collateral kills)
  An orc (D:4)
  A hobgoblin (D:4)
2 creatures vanquished.

Vanquished Creatures (others)
  4 withered plants (D:2)
4 creatures vanquished.

Grand Total: 103 creatures vanquished
